Map: Oxide LE

Players

AGOElazer (Elazer) - Winner!

  • Race: Zerg Zerg
  • League: Grandmaster

BlyOnFire (Bly)

  • Race: Zerg Zerg

Event: DreamHack SC2 Masters 2021 Summer

VOD

Have the link to the VOD?

Description

Time

  • Played on: May 25, 2021, 10:07 a.m.
  • Length: 3:27

All games in this series

Show
View Real Time Build Order
Export as new Build Order

AGOElazer Zerg - Winner!

Build Orders: Hatch First 

Get SALT Encoding   

  12  0:00  Drone  
  13  0:13  Overlord  
  13  0:17  Drone  
  14  0:31  Drone x2  
  16  0:48  Hatchery  
  15  0:51  Drone  
  15  0:55  Drone  
  17  0:58  Drone  
  18  1:09  Extractor  
  17  1:12  Spawning Pool  
  17  1:16  Drone  
  17  1:19  Drone  
  18  1:28  Drone  
  19  1:39  Drone  
  20  2:00  Queen, Zergling x6  
  24  2:11  Zergling x4  
  26  2:24  Spine Crawler  
  26  2:26  Zergling x2  
  25  2:37  Queen  
  24  2:48  Zergling x6  
  22  2:53  Zergling x2  
  21  3:03  Zergling x2  
  21  3:10  Zergling x2  
Show
View Real Time Build Order
Export as new Build Order

BlyOnFire Zerg 

Build Orders: Pool Only 

Get SALT Encoding   

  12  0:16  Spawning Pool  
  11  0:21  Drone  
  11  0:26  Drone  
  13  0:32  Drone  
  14  0:42  Overlord  
  14  1:03  Zergling x4  
  16  1:04  Zergling x2  
  17  1:16  Zergling x2  
  18  1:27  Zergling x2  
  19  1:42  Zergling x2  
  20  1:58  Spine Crawler  
  19  2:01  Spine Crawler  
  19  2:05  Spine Crawler  
  16  2:41  Spine Crawler  
Tags
 
Add a new tag
Caveats
  • Supply blocks, unpowered buildings, or Contaminate may cause inaccurate times.
  • Supply counts are checked every 10 seconds.